Map: Backwater LE

Players

PtitDrogo - Winner!

  • Race: Protoss Protoss
  • Spawn Location: 5:00

Arctur

  • Race: Terran Terran
  • Spawn Location: 11:00

Event: WCS Leipzig 2018

VOD

Have the link to the VOD?

Description

Time

  • Played on: Jan. 26, 2018, 9:11 a.m.
  • Length: 8:07

All games in this series

Show
View Real Time Build Order
Export as new Build Order

PtitDrogo Protoss - Winner!

Build Orders: 1 Gate Expand, Oracle Opening 

Get SALT Encoding   

  12  0:00  Probe  
  13  0:12  Probe  
  14  0:18  Pylon  
  14  0:24  Probe (Chrono Boost)  
  15  0:37  Probe (Chrono Boost)  
  15  0:39  Gateway  
  16  0:44  Probe (Chrono Boost)  
  16  0:45  Assimilator  
  17  0:51  Probe  
  18  1:03  Probe  
  19  1:15  Probe  
  20  1:23  Nexus  
  20  1:34  Cybernetics Core  
  20  1:36  Probe  
  21  1:41  Assimilator  
  21  1:49  Probe  
  22  1:54  Pylon  
  22  2:02  Probe  
  23  2:09  Stalker (Chrono Boost)  
  23  2:14  Probe  
  26  2:21  Stargate  
  26  2:26  Probe  
  26  2:29  Warp Gate  
  27  2:36  Probe (Chrono Boost)  
  28  2:41  Probe (Chrono Boost)  
  28  2:42  Stalker  
  31  2:47  Probe (Chrono Boost)  
  31  2:50  Probe (Chrono Boost)  
  33  2:54  Probe (Chrono Boost)  
  33  2:55  Probe (Chrono Boost)  
  35  3:02  Probe, Oracle (Chrono Boost)  
  35  3:04  Probe  
  40  3:15  Zealot  
  40  3:16  Probe x2, Pylon  
  44  3:28  Probe x2  
  44  3:34  Oracle  
  49  3:40  Probe  
  50  3:43  Gateway  
  50  3:44  Gateway  
  50  3:47  Probe  
  51  3:51  Pylon  
  51  3:59  Nexus  
  51  4:01  Probe  
  52  4:04  Probe  
  53  4:14  Probe  
  54  4:20  Probe  
  54  4:21  Assimilator, Pylon  
  54  4:22  Assimilator  
  55  4:26  Probe  
  56  4:33  Twilight Council  
  56  4:34  Probe, Forge  
  57  4:39  Probe  
  58  4:47  Probe  
  58  4:51  Probe  
  57  4:55  Robotics Facility  
  57  4:58  Protoss Ground Weapons Level 1 (Chrono Boost)  
  57  4:59  Probe  
  55  5:01  Resonating Glaives (Chrono Boost)  
  55  5:02  Adept x3  
  55  5:03  Probe  
  55  5:06  Gateway  
  62  5:07  Gateway  
  62  5:08  Gateway  
  62  5:11  Shield Battery  
  62  5:18  Probe x2  
  62  5:19  Probe  
  65  5:24  Adept  
  67  5:28  Adept x2  
  67  5:39  Warp Prism (Chrono Boost)  
  63  5:48  Probe x2, Gateway x2  
  63  5:49  Probe, Gateway  
  66  6:03  Adept x5  
  76  6:13  Pylon  
  76  6:14  Pylon  
  76  6:15  Adept, Pylon  
  78  6:19  Pylon  
  78  6:32  Adept x5  
  88  6:52  Adept x6  
  88  6:53  Adept x3  
  106  7:13  Adept x8  
  116  7:15  Warp Prism  
  116  7:18  Probe  
  116  7:19  Probe  
  116  7:20  Assimilator  
  116  7:21  Assimilator  
  90  7:34  Adept x8  
  90  7:35  Adept  
  90  7:36  Probe  
  95  7:49  Probe  
  88  8:05  Adept x4  
Show
View Real Time Build Order
Export as new Build Order

Arctur Terran 

Build Orders: Reaper Expand, MMM Bio 

Get SALT Encoding   

  12  0:00  SCV  
  13  0:12  SCV  
  14  0:16  Supply Depot  
  14  0:24  SCV  
  15  0:38  SCV  
  15  0:39  Barracks  
  16  0:43  Refinery  
  16  0:50  SCV  
  17  1:02  SCV  
  18  1:14  SCV  
  19  1:26  Orbital Command, Reaper  
  20  1:42  Command Center  
  20  1:51  Supply Depot  
  20  1:53  SCV  
  21  1:59  Barracks Reactor  
  21  2:05  SCV  
  22  2:17  SCV  
  23  2:29  SCV, Command Center  
  24  2:35  Marine  
  24  2:36  Marine  
  26  2:39  Barracks  
  26  2:41  SCV  
  27  2:53  SCV, Orbital Command  
  27  2:57  Marine x2  
  30  3:05  SCV  
  30  3:06  Engineering Bay  
  31  3:15  Marine x2  
  31  3:17  SCV  
  31  3:19  SCV  
  35  3:27  Barracks Tech Lab  
  35  3:31  SCV x2  
  35  3:33  Terran Infantry Weapons Level 1  
  36  3:34  Missile Turret  
  36  3:38  Marine x2  
  36  3:40  Bunker  
  38  3:43  Orbital Command  
  38  3:44  SCV  
  38  3:47  SCV  
  40  3:50  Stimpack  
  40  3:57  SCV  
  40  3:59  SCV  
  40  4:00  Barracks  
  40  4:01  Marine x3  
  45  4:09  SCV  
  45  4:11  SCV  
  45  4:13  SCV, Missile Turret  
  46  4:21  SCV  
  46  4:23  SCV, Marine x2  
  46  4:24  Marine  
  50  4:25  SCV  
  50  4:27  Missile Turret  
  50  4:33  SCV  
  50  4:35  SCV  
  52  4:39  Refinery  
  52  4:40  Refinery, Factory  
  52  4:41  Marine x3  
  52  4:43  SCV  
  52  4:45  SCV  
  57  4:47  SCV  
  57  4:49  Supply Depot  
  58  4:55  SCV, Supply Depot  
  58  4:57  SCV  
  58  4:59  SCV  
  61  5:00  Refinery  
  61  5:03  Barracks Tech Lab  
  61  5:10  Marine x3  
  61  5:11  SCV x2, Supply Depot  
  66  5:19  SCV, Supply Depot  
  66  5:20  Supply Depot  
  67  5:23  SCV  
  67  5:28  Marine  
  67  5:32  Marine  
  67  5:33  SCV, Marine x2  
  67  5:34  SCV  
  67  5:38  Combat Shields  
  67  5:40  Factory Reactor  
  67  5:41  SCV, Starport  
  62  5:45  SCV  
  62  5:46  SCV, Marine  
  62  5:47  Terran Infantry Armor Level 1  
  64  5:50  Barracks  
  64  5:51  Barracks  
  64  5:53  SCV  
  64  5:56  Supply Depot  
  65  5:57  Marine  
  65  5:58  SCV x2, Concussive Shells  
  65  6:03  Supply Depot  
  69  6:05  SCV  
  69  6:07  Marauder  
  69  6:08  Marauder  
  69  6:09  Marine  
  69  6:10  SCV x2  
  76  6:15  Marine  
  76  6:17  SCV  
  78  6:22  SCV x2, Refinery, Supply Depot  
  78  6:25  Supply Depot, Medivac x2  
  84  6:28  Factory Reactor  
  84  6:29  Marauder, Marine  
  84  6:30  Marauder  
  84  6:32  SCV  
  90  6:33  Marine  
  90  6:37  Liberator  
  90  6:39  Barracks Tech Lab, Barracks Reactor  
  89  6:48  Starport  
  89  6:49  Supply Depot  
  89  6:50  Marauder  
  89  6:51  SCV  
  89  6:52  SCV  
  89  6:53  Marine x2, Marauder  
  80  7:03  Liberator  
  80  7:04  SCV  
  70  7:17  SCV  
  70  7:20  Marine x3, Marauder  
  53  7:23  SCV x2  
  26  7:47  SCV  
Tags
 
Add a new tag
Caveats
  • Supply blocks, unpowered buildings, or Contaminate may cause inaccurate times.
  • Supply counts are checked every 10 seconds.